AoeStats
← Guld Hans

Oasis

509156127Analyzed
2v2 RM · 6d ago on Sep 25, 2026· 23m 7s· 4 players
Game mode
Random Map
Map size
Medium (4 player)
Population
200
Speed
Normal
Resources
Standard
Victory
Conquest
Starting age
Dark Age
Ending age
Imperial Age
RankedLock teamsTeams togetherTeam positionsShared explorationLock speedFull tech treeHidden civsTurbo modeCheats
Victory
Defeat
🇩🇰 Huns · Denmark
986
+16
🇩🇰 Franks · Denmark
984
+16
🇨🇱 Celts · Chile
1013
-17
🇩🇪 Franks · Germany
954
-15
Tub$
5:03 Loom
10:37 Feudal Age
11:18 Double-Bit Axe
15:09 Wheelbarrow
20:16 Castle Age
18:41 Gold Mining
18:44 Stone Mining
20:08 Forging
20:44 Scale Barding Armor
21:12 Bow Saw
Guld Hans
11:02 Feudal Age
16:21 Castle Age
15:01 Double-Bit Axe
16:25 Fletching
19:33 Husbandry
Chill
12:27 Feudal Age
12:57 Double-Bit Axe
21:13 Castle Age
19:35 Gold Mining
KaneGB
2:25 Loom
10:28 Feudal Age
21:53 Castle Age
19:58 Double-Bit Axe
20:29 Gold Mining
21:14 Scale Mail Armor
22:41 Forging
22:32 Pikeman
Connection lost

Rejoining the realm…

Still unreachable

The connection could not be restored.

Session expired

The server has moved on; the page needs a fresh start.